 Dungeon Crawl Stone Soup version 0.31-a0-600-g62dffe198b (webtiles) character file.

Game seed: 14650225143915329484

436 Essalna the Ruffian (level 6, -1/79 HPs)
             Began as a Draconian Shapeshifter on Aug 21, 2023.
             Slain by Grinder (5 damage)
             ... while paralysed by Grinder
             ... on level 3 of the Dungeon.
             The game lasted 00:05:40 (3378 turns).

Essalna the Ruffian (Draconian Shapeshifter)        Turns: 3378, Time: 00:05:41

Health: -1/79      AC: 23    Str: 17    XL:     6   Next: 69%
Magic:  6/6        EV:  2    Int:  8    God:
Gold:   198        SH:  0    Dex: 14    Spells: 5/5 levels left

rFire   . .          .
                       - Unarmed
rCold   . . .        (no shield)
rNeg    . . .        (body armour unavailable)
rPois   +            (helmet currently unavailable)
rElec   .            (cloak currently unavailable)
rCorr   .            (gloves currently unavailable)
SInv    .            (boots currently unavailable)
Will    .....        (no amulet)
Stlth   +            (no ring)
HPRegen 0.33/turn    (no ring)
MPRegen 0.10/turn

%: no passive effects
@: paralysed, tree-form
A: stationary, stasis, torment immunity, boosted hp, AC +6, unfitting armour,
(cold-blooded), evolution 1, inability to read after injury 1
a: no special abilities


You were on level 3 of the Dungeon.
You were a tree.
You visited 1 branch of the dungeon, and saw 4 of its levels.

You collected 198 gold pieces.

Inventory:

Hand Weapons
 q - a +2 dagger of venom
Armour
 i - an orb of mayhem
Jewellery
 r - a +4 ring of protection
Talismans
 b - a beast talisman
 c - a flux talisman
 j - a talisman of death
Wands
 o - a wand of digging (5)
 t - a wand of iceblast (13)
Scrolls
 e - a scroll of blinking {unknown}
 g - a scroll of revelation {unknown}
 h - a scroll of noise {unknown}
 l - a scroll of fog {unknown}
 m - a scroll of identify {unknown}
 p - a scroll of summoning {unknown}
 s - 2 scrolls of vulnerability {unknown}
Potions
 d - 2 potions of mutation
 f - 2 potions of curing
 k - a potion of resistance {unknown}
 n - a potion of enlightenment {unknown}


   Skills:
 + Level 4.5 Fighting
 - Level 1.7 Dodging
 + Level 4.9 Unarmed Combat
 + Level 4.4 Shapeshifting


You had 5 spell levels left.
You didn't know any spells.
Your spell library contained the following spells:

 Spells                   Type           Power      Damage    Failure   Level
 Apportation              Tloc           0%         N/A       41%         1
 Necrotise                Necr           0%         1d4       41%         1
 Sandblast                Erth           0%         2d4       41%         1
 Summon Small Mammal      Summ           0%         N/A       41%         1
 Passwall                 Tmut/Erth      0%         N/A       54%         2
 Portal Projectile        Hex/Tloc       0%         N/A       78%         3
 Stone Arrow              Conj/Erth      0%         3d7       78%         3
 Tukima's Dance           Hex            0%         N/A       78%         3
 Iskenderun's Mystic Bla  Conj/Tloc      0%         2d3       99%         4
 Alistair's Intoxication  Tmut/Pois      0%         N/A       100%        5
 Borgnjor's Vile Clutch   Necr/Erth      0%         N/A       100%        5
 Eringya's Noxious Bog    Tmut/Pois      0%         4d6       100%        6


Dungeon Overview and Level Annotations

Branches:
Dungeon (4/15)
 Temple: D:4-7

Altars:
Yredelemnul

Annotations:
D:3 Grinder


Innate Abilities, Weirdness & Mutations

You are a tree.
Your roots penetrate the ground, keeping you stationary.
You cannot be teleported.
You are immune to unholy pain and torment.
Your maximum health is greatly increased.
Your equipment is partially melded.
((Your plain brown scales are hard. (AC +6)))
You cannot fit into any form of body armour.
((You are cold-blooded and may be slowed by cold attacks.))
You have hidden genetic potential.
You occasionally lose the ability to read scrolls when taking damage.


Message History

The orc attacks as it pursues you! The orc hits you with a +0 hand axe.
* * * LOW HITPOINT WARNING * * *
Grinder gestures at you.
You suddenly lose the ability to move!
The orc hits you with a +0 hand axe.
* * * LOW HITPOINT WARNING * * *
The orc hits you with a +0 hand axe.
* * * LOW HITPOINT WARNING * * *
The orc hits you with a +0 hand axe.
* * * LOW HITPOINT WARNING * * *
You can move again.
The orc attacks as it pursues you! The orc barely misses you.
Grinder barely misses you.
There is a stone staircase leading up here.
Grinder hits you.
* * * LOW HITPOINT WARNING * * *
You writhe in agony.
* * * LOW HITPOINT WARNING * * *
The orc closely misses you.
You climb upwards.
There is a stone staircase leading down here.
It was a potion of mutation.
You feel extremely strange.
You feel a hidden potential growing inside you.
You occasionally lose the ability to read scrolls when taking damage.
Grinder misses you. The orc closely misses you.
It was a potion of curing.
You feel better. Grinder hits you.
* * * LOW HITPOINT WARNING * * *
You writhe in agony.
* * * LOW HITPOINT WARNING * * *
The orc hits you with a +0 hand axe.
* * * LOW HITPOINT WARNING * * *
Your transformation has ended.
You turn into a tree.
Your roots penetrate the ground.
Grinder gestures at you.
You suddenly lose the ability to move!
The orc hits you but does no damage. Grinder hits you.
* * * LOW HITPOINT WARNING * * *
You writhe in agony.
You die...
Grinder says, "Now the real fun starts!"

##### ## ###########
#######...###.
#<........#
#.........>.+.
####.#######.#
#.#####...###. #.##.#
#.# #....(#....##.
#.##.# #.#
#########.#.##.##.
...#.# #.#
#♣5...#.#.#..#.###
#..#.# #.#
#o###........#....
#..#.#
#.###.......#.#..#.###
#..#.#
#........####)########
#..#.#
#.....>...............
#..#.#
##.......###........##
####.##### #########
#...†.....# .........#
#.......... .........#
##.#.###...


You could see Grinder and an orc.

Vanquished Creatures
  A water moccasin (D:4)
  A scorpion (D:4)
  Terence (D:3)
  An orc wizard (D:4)
  Ijyb (D:4)
  Natasha (thrice) (D:3)
  Robin (D:3)
  3 adders (D:2)
  A white imp (D:3)
  3 worms (D:2)
  5 orcs
  6 ball pythons
  8 endoplasms
  2 giant cockroaches
  8 goblins
  7 hobgoblins
  6 kobolds
  3 quokkas
  6 bats
  4 frilled lizards
  6 rats
77 creatures vanquished.

Vanquished Creatures (others)
  A hobgoblin (D:3)
  A goblin (D:3)
2 creatures vanquished.

Grand Total: 79 creatures vanquished

Notes
Turn   | Place    | Note
-------+----------+-------------------------------------------
     0 | D:1      | Essalna the Draconian Shapeshifter began the quest for the
                  | Orb.
     0 | D:1      | Reached XP level 1. HP: 16/16 MP: 1/1
   297 | D:1      | Reached XP level 2. HP: 23/23 MP: 2/2
   691 | D:2      | Reached XP level 3. HP: 9/29 MP: 3/3
  1558 | D:2      | Found a basalt altar of Yredelemnul.
  1570 | D:2      | Reached XP level 4. HP: 26/37 MP: 4/4
  1900 | D:3      | Noticed Robin
  1954 | D:3      | Noticed Terence
  1957 | D:3      | Noticed Natasha
  1959 | D:3      | Killed Terence
  1973 | D:3      | Killed Natasha
  2044 | D:3      | Reached XP level 5. HP: 44/45 MP: 5/5
  2519 | D:3      | Noticed Natasha
  2529 | D:3      | Killed Natasha
  2600 | D:3      | Killed Robin
  2796 | D:3      | Noticed Natasha
  2804 | D:3      | Killed Natasha
  3061 | D:4      | Noticed a water moccasin
  3072 | D:4      | Killed a water moccasin
  3073 | D:4      | Reached XP level 6. HP: 37/52 MP: 6/6
  3209 | D:4      | Noticed Ijyb
  3222 | D:4      | Killed Ijyb
  3352 | D:4      | Noticed Grinder
  3367 | D:4      | Paralysed by Grinder for 5 turns
  3373 | D:4      | HP: 2/53 [Grinder (5)]
  3375 | D:3      | Gained mutation: You have hidden genetic potential. [potion
                  | of mutation]
  3375 | D:3      | Gained mutation: You occasionally lose the ability to read
                  | scrolls when taking damage. [potion of mutation]
  3377 | D:3      | Paralysed by Grinder for 4 turns
  3378 | D:3      | Slain by Grinder

Illustrated notes

Levels and vault maps discovered:
D:1:      mushboom_english_gardens, layout_loops_cross
D:2:      minmay_recursive_quarters, layout_loops_ring, basic_altar,
          serial_bayou_pond_a
D:3:      layout_basic, uniq_robin, uniq_terence, uniq_natasha
D:4:      layout_loops_cross, kennysheep_generic_room_16, uniq_ijyb,
          uniq_grinder

Skill      XL: |  1  2  3  4  5 |
---------------+----------------+-----
Fighting       | 2 3 4 |  4.5
Unarmed Combat | 4 |  4.9
Shapeshifting  | 4 |  4.4
Dodging        | |  1.7

Action                     |  1- 3 |  4- 6 || total
---------------------------+-------+-------++-------
  Melee: Unarmed           |   102 |   131 ||   233
         Tailslap          |     7 |    17 ||    24
         Punch             |     2 |     1 ||     3
    Use: Potion            |       |     3 ||     3
 Armour: Skin              |    43 |    48 ||    91
  Dodge: Dodged            |    74 |    78 ||   152

Table legend: (Time is in decaauts)
 A = Elapsed time spent in this place.
 B = Non-inter-level travel time spent in this place.
 C = Inter-level travel time spent in this place.
 D = Time resting spent in this place.
 E = Time spent auto-exploring this place.
 F = Levels seen in this place.
 G = Mean time per level.
                   A        B        C        D        E       F      G
               +--------+--------+--------+--------+--------+-----+--------+
         Total |   3384 |   3304 |     80 |      0 |   2722 |   4 |  846.0 |
       Dungeon |   3384 |   3304 |     80 |      0 |   2722 |   4 |  846.0 |
               +--------+--------+--------+--------+--------+-----+--------+

Top non-repeatable levels by time:
     D:2: 1214 daAuts
     D:3: 1102 daAuts
     D:1: 678 daAuts
     D:4: 389 daAuts
